 Dungeon Crawl Stone Soup version 0.29.0-4-gdea44cf6ec (webtiles) character file.

Game seed: 5106574422936657720

84968 qw the Brawler (level 15, 0/145 HPs)
             Began as a Troll Cinder Acolyte on Aug 31, 2022.
             Was an Initiate of Ignis.
             Slain by Mlioglotl (22 damage)
             ... on level 1 of the Swamp.
             The game lasted 00:14:01 (24120 turns).

qw the Brawler (Troll Cinder Acolyte)              Turns: 24120, Time: 00:14:01

Health: 0/145      AC: 29    Str: 31    XL:     15   Next: 36%
Magic:  15/15      EV:  7    Int: 22    God:    Ignis [......]
Gold:   1619       SH: 13    Dex: 10    Spells: 16/16 levels left

rFire   + . .      SeeInvis .     - Unarmed
rCold   . . .      Faith    .   v - +2 kite shield {AC+3}
rNeg    . . .      Spirit   .   q - +1 shadow dragon scales of Jigsaw {Int+8 Stlth++++}
rPois   .          Reflect  .   a - +2 hat {Will+}
rElec   .          Harm     .   i - +2 cloak
rCorr   .          Rampage  .   (gloves unavailable)
Will    ++...                   (boots unavailable)
Stlth   ++........              g - amulet of regeneration
HPRegen 1.94/turn               j - +4 ring of protection
MPRegen 0.14/turn               p - +6 ring of dexterity

@: about to teleport
A: large, unfitting armour, claws 3, regeneration 1, shaggy fur 1, tough skin 1,
hooves 1, clever 1, MP-powered wands
a: Renounce Religion, Rising Flame


You were on level 1 of the Swamp.
You worshipped Ignis.
Ignis was noncommittal.
You visited 4 branches of the dungeon, and saw 23 of its levels.

You collected 2771 gold pieces.
You spent 1152 gold pieces at shops.


Innate Abilities, Weirdness & Mutations

You are too large for most types of armour.
You have claws for hands.
Your natural rate of healing is unusually fast.
You are covered in fur. (AC +1)
You have tough skin. (AC +1)
You have large cloven feet.
Your mind is acute. (Int +4, Str/Dex -1)
You expend magic power (3 MP) to strengthen your wands.


   Skills:
 + Level 8.6 Fighting
 - Level 8.0 Throwing
 - Level 7.0 Armour
 - Level 3.0 Dodging
 - Level 12.0 Shields
 - Level 19.0 Unarmed Combat
 - Level 1.0 Spellcasting
 - Level 2.1 Fire Magic


You had 16 spell levels left.
You didn't know any spells.
Your spell library contained the following spells:

 Spells                   Type           Power      Damage    Failure   Level
 Scorch                   Fire           20%        2d6       56%         2

Inventory:

Missiles
 h - 12 boomerangs
 m - 16 large rocks (quivered)
 u - 5 javelins
Armour
 a - a +2 hat of willpower (worn)
 i - a +2 cloak (worn)
 q - the +1 shadow dragon scales of Jigsaw (worn) {Int+8 Stlth++++}
   (You acquired it on level 8 of the Dungeon)

   Int:       It affects your intelligence (+8).
   Stlth:     It makes you much more stealthy.
 v - a +2 kite shield of protection (worn)
Jewellery
 g - an amulet of regeneration (around neck)
 j - a +4 ring of protection (left claw)
 p - a +6 ring of dexterity (right claw)
 s - a +4 ring of evasion
Wands
 w - a wand of digging (5)
Scrolls
 d - 14 scrolls of identify
 f - 5 scrolls of teleportation
 t - 3 scrolls of enchant armour
 x - a scroll of enchant weapon
Potions
 b - 5 potions of haste
 c - 18 potions of curing
 k - 4 potions of mutation
 l - 4 potions of might
 n - 3 potions of resistance
 r - a potion of cancellation

Dungeon Overview and Level Annotations

Branches:
Dungeon (15/15)            Temple (0/1) D:4            Lair (5/5) D:10
  Swamp (1/4) Lair:2        Snake (0/4) Lair:2        Slime (0/5) Lair:5
    Orc (2/2) D:9             Elf (0/3) Orc:2        Vaults (0/5) D:14
 Depths (0/4) D:15

Altars:
Ashenzari
Gozag
Kikubaaqudgha
Ru
Vehumet
Yredelemnul

Shops:
D:4 [   D:7 :*   D:8 :   D:12 (   Orc:1 (   Orc:2 ([**

Annotations:
D:9 2 transporters
D:11 1 runed translucent door, agentgt's ghost, novice CeCK
Swamp:1 Mlioglotl


Message History

The cacodemon hits you but does no damage.
You block the cacodemon's attack.
You eviscerate the starspawn tentacle!!!
You destroy the starspawn tentacle!
The chaos spawn barely misses you.
A tentacle flies out from the starspawn's body!
The ynoxinul gestures.
Mlioglotl hits you but does no damage. Mlioglotl tramples you!
You stumble backwards!
A starspawn tentacle comes into view.
You barely miss Mlioglotl. You kick Mlioglotl, but do no damage.
Mlioglotl is moderately wounded.
You block Mlioglotl's attack. Mlioglotl tramples you!
You hold your ground!
The raiju bursts into living lightning!
The living lightning hits you!
The raiju blinks! x2
You block the wraith's attack.
A tentacle flies out from the starspawn's body!
A starspawn tentacle comes into view.
You claw Mlioglotl!
Mlioglotl is heavily wounded.
Mlioglotl hits you but does no damage. Mlioglotl tramples you!!
You hold your ground!
The raiju bursts into living lightning!
The living lightning hits you!
The raiju blinks!
The wraith hits you but does no damage.
24119 ||| READING 6 scrolls of teleportation.
As you read the scroll of teleportation, it crumbles to dust.
You feel strangely unstable.
The ynoxinul gestures.
Mlioglotl hits you!!
Mlioglotl tramples you but does no damage.
The cacodemon completely misses you. The cacodemon hits you.
The wraith hits you but does no damage. The raiju bites you but does no damage.
24120 ||| DRINKING potion of heal wounds.
You feel much better. Mlioglotl hits you! Mlioglotl tramples you.
You hold your ground!
You block the cacodemon's attack. The cacodemon completely misses you.
You block the raiju's attack. Mlioglotl closely misses you.
Mlioglotl tramples you!!
You die...

~....~.~~~~.~~7....7~7..~~~~.~77
~~~~~~...~...777..7777~..~~~..~7
~~~.~~~7~.....7777~7 77.~~~~..~7
~~~..~.~.......77777 7..~~~.7777
~~~.7....#+###..7..77
777......~7
~~~..~..##....#..~..77 7777....7
...#......##.5(.~7 7~...~7
...#...#.. ##W~.~7 77~..77 ...
##. #@h55~77


77777 #. .. #X2355.7 # .. #4X5ยค~77 .###ww~..7 #XDx).~77 ..3777777 .D$7 7777 You
could see a bone dragon (summoned), Mlioglotl (strong), a cacodemon (summoned),
a tentacled starspawn (summoned), a raiju (summoned), a ynoxinul (summoned), a
chaos spawn (summoned), a wraith (summoned), a small abomination (summoned), 2
starspawn tentacles and 6 ufetubi.

Vanquished Creatures
  Gastronok (Lair:3)
  An orc warlord (Orc:2)
  A dire elephant (Lair:5)
  An eleionoma (Swamp:1)
  2 fire dragons (D:15)
  2 hydras
  5 boulder beetles
  4 centaur warriors (D:15)
  A deep troll shaman (Lair:5)
  2 catoblepae
  2 dancing weapons (D:14)
  A tengu warrior (D:15)
  2 two-headed ogres
  10 death yaks
  Urug (Lair:5)
  Nergalle (Lair:3)
  Sonja (Lair:5)
  A bog body (Swamp:1)
  2 deep elf pyromancers
  2 orc knights
  An oklob plant (D:11)
  3 orc sorcerers
  18 ugly things
  A will-o-the-wisp (Swamp:1)
  A manticore (D:13)
  6 cyclopes
  11 elephants
  10 black mambas
  A torpor snail (Lair:4)
  12 cane toads
  4 kobold demonologists
  A freezing wraith (D:15)
  6 komodo dragons
  4 rime drakes
  2 ice devils (Lair:3)
  Maggie (Lair:2)
  A queen bee (D:12)
  4 trolls
  3 tyrant leeches
  3 meliai (D:13)
  7 polar bears
  19 slime creatures
  Prince Ribbit (D:7)
  5 hornets
  17 blink frogs
  A shadow (D:10)
  A wraith (D:13)
  2 wyverns
  22 yaks
  A basilisk (D:13)
  A fire elemental (D:11)
  2 steam dragons
  16 vampire mosquitoes
  A human (D:9)
  2 wargs
  3 nagas (Lair:2)
  2 swamp worms (Lair:2)
  2 acid dragons
  12 water moccasins
  36 orc warriors
  An ice beast (D:6)
  2 black bears
  3 sky beasts (D:7)
  3 ogres
  24 wolves
  5 centaurs
  4 kobold brigands
  6 bullfrogs
  3 necrophages
  4 gnoll sergeants
  3 scorpions
  9 wights
  15 killer bees
  An oklob sapling (D:11)
  3 howler monkeys
  2 lava snakes (D:11)
  7 hounds
  24 orc priests
  4 jellies
  3 gnoll boudas
  An iguana (D:5)
  6 hell rats (Lair:5)
  35 orc wizards
  27 gnolls
  10 adders
  A shadow imp (D:7)
  2 white imps
  2 ufetubi (D:7)
  A worm (D:2)
  2 dart slugs
  94 orcs
  9 ball pythons
  8 endoplasms
  3 giant cockroaches
  4 goblins
  14 hobgoblins
  31 kobolds
  3 quokkas
  4 bats
  2 frilled lizards
  5 rats
  A butterfly (Lair:3)
  2 starspawn tentacles (Swamp:1)
682 creatures vanquished.

Vanquished Creatures (others)
  A bloated husk (Swamp:1)
  A bush (D:11)
  A fire vortex (D:11)
  2 foxfires (Swamp:1)
  55 fungi
  68 plants
128 creatures vanquished.

Grand Total: 810 creatures vanquished

Notes
Turn   | Place    | Note
-------+----------+-------------------------------------------
     0 | D:1      | qw the Troll Cinder Acolyte began the quest for the Orb.
     0 | D:1      | Reached XP level 1. HP: 22/22 MP: 1/1
     0 | D:1      | 0 ||| qw: Version: 0.1-a-97-g2dd2ca4
     0 | D:1      | 0 ||| qw: Game counter: 4677
     0 | D:1      | 0 ||| qw: Always use a shield: true
     0 | D:1      | 0 ||| qw: God list: Okawaru
     0 | D:1      | 0 ||| qw: Allow faded altars: false
     0 | D:1      | 0 ||| qw: Do Orc after D:15 true
     0 | D:1      | 0 ||| qw: Do second Lair branch before Depths: true
     0 | D:1      | 0 ||| qw: Lair rune preference: random
     0 | D:1      | 0 ||| qw: Plans: Normal
     0 | D:1      | 0 ||| PLANNING D:1-11
   288 | D:1      | Reached XP level 2. HP: 29/29 MP: 2/2
   491 | D:1      | Found a faded altar of an unknown god.
   789 | D:1      | You fall into a shaft and drop 1 floor!
   824 | D:2      | Reached skill level 4 in Unarmed Combat
   959 | D:2      | Reached XP level 3. HP: 36/36 MP: 3/3
  1114 | D:2      | 1114 ||| DROPPING ring of flight.
  1115 | D:2      | 1115 ||| READING scroll labelled METAED PYCU.
  1216 | D:2      | 1216 ||| READING scroll labelled FIPSUI KAUM.
  1219 | D:2      | 1219 ||| READING scroll labelled ITUSOY NEDEOCE.
  1220 | D:2      | 1220 ||| READING scroll labelled ISU FUMICABYA.
  1221 | D:2      | 1221 ||| READING 3 scrolls labelled WAILUM ZOJOIHU.
  1222 | D:2      | 1222 ||| READING scroll labelled TIEDEA TOSSUSM.
  1223 | D:2      | 1223 ||| DRINKING 3 red potions.
  1224 | D:2      | 1224 ||| DROPPING 2 scrolls of vulnerability.
  1225 | D:2      | 1225 ||| Stepping randomly (stuck).
  1226 | D:2      | 1226 ||| Stepping ~*~*~tactically~*~*~ (cloud).
  1895 | D:2      | 1895 ||| DRINKING 2 murky black potions.
  2068 | D:3      | Reached skill level 5 in Unarmed Combat
  2068 | D:3      | Reached XP level 4. HP: 44/44 MP: 4/4
  2189 | D:3      | 2189 ||| INVOKING Fiery Armour.
  2386 | D:3      | Found an ancient bone altar of Kikubaaqudgha.
  2408 | D:3      | Found a broken altar of Ashenzari.
  2511 | D:3      | 2511 ||| DRINKING 2 fizzy golden potions.
  2512 | D:3      | 2512 ||| READING 2 scrolls of identify.
  2512 | D:3      | 2512 ||| IDENTIFYING silvery potion
  2513 | D:3      | 2513 ||| DROPPING potion of degeneration.
  2576 | D:4      | Reached XP level 5. HP: 50/50 MP: 5/5
  2595 | D:4      | 2595 ||| Stepping ~*~*~tactically~*~*~ (stealth).
  2596 | D:4      | 2596 ||| Stepping ~*~*~tactically~*~*~ (stealth).
  2597 | D:4      | 2597 ||| Stepping ~*~*~tactically~*~*~ (stealth).
  2624 | D:4      | 2624 ||| Stepping ~*~*~tactically~*~*~ (stealth).
  2634 | D:4      | 2634 ||| Stepping ~*~*~tactically~*~*~ (stealth).
  2651 | D:4      | 2651 ||| Stepping ~*~*~tactically~*~*~ (outnumbered).
  2652 | D:4      | 2652 ||| Stepping ~*~*~tactically~*~*~ (outnumbered).
  2653 | D:4      | 2653 ||| Stepping ~*~*~tactically~*~*~ (outnumbered).
  2654 | D:4      | 2654 ||| Stepping ~*~*~tactically~*~*~ (outnumbered).
  2674 | D:4      | 2674 ||| Stepping ~*~*~tactically~*~*~ (stealth).
  2674 | D:4      | Found Somaely's Armour Emporium.
  2682 | D:4      | 2682 ||| Stepping ~*~*~tactically~*~*~ (outnumbered).
  2683 | D:4      | 2683 ||| Stepping ~*~*~tactically~*~*~ (outnumbered).
  2709 | D:4      | 2709 ||| Stepping ~*~*~tactically~*~*~ (stealth).
  2726 | D:4      | Reached skill level 6 in Unarmed Combat
  2738 | D:4      | Noticed a black bear
  2739 | D:4      | 2739 ||| Stepping ~*~*~tactically~*~*~ (stealth).
  2750 | D:4      | Killed a black bear
  2751 | D:4      | Reached skill level 7 in Unarmed Combat
  2751 | D:4      | Reached XP level 6. HP: 37/59 MP: 6/6
  2919 | D:4      | 2919 ||| INVOKING Fiery Armour.
  2922 | D:4      | HP: 14/59 [ogre/+0 giant club (18)]
  2923 | D:4      | Reached skill level 1 in Throwing
  2923 | D:4      | 2923 ||| FLEEEEING.
  2924 | D:4      | 2924 ||| FLEEEEING.
  2925 | D:4      | 2925 ||| FLEEEEING.
  2926 | D:4      | 2926 ||| FLEEEEING.
  2927 | D:4      | 2927 ||| FLEEEEING.
  2929 | D:4      | 2929 ||| FLEEEEING.
  2930 | D:4      | 2930 ||| FLEEEEING.
  2931 | D:4      | 2931 ||| FLEEEEING.
  2932 | D:4      | 2932 ||| FLEEEEING.
  2933 | D:4      | 2933 ||| FLEEEEING.
  2934 | D:4      | 2934 ||| FLEEEEING.
  2935 | D:4      | 2935 ||| FLEEEEING.
  2936 | D:4      | 2936 ||| FLEEEEING.
  2937 | D:4      | 2937 ||| STAIRDANCE
  2968 | D:3      | 2968 ||| DROPPING ring of magical power.
  2969 | D:3      | 2969 ||| READING scroll labelled DONIN GEKIA.
  2970 | D:3      | 2970 ||| READING scroll labelled KUECKE KEBB.
  2970 | D:3      | Identified a scroll of acquirement
  2970 | D:3      | 2970 ||| ACQUIRING amulet of regeneration
  2970 | D:3      | Acquired an amulet of regeneration
  2972 | D:3      | 2972 ||| UPGRADING to amulet of regeneration.
  2977 | D:3      | 2977 ||| READING 3 scrolls of identify.
  2977 | D:3      | 2977 ||| IDENTIFYING pink potion
  2978 | D:3      | 2978 ||| READING 2 scrolls of identify.
  2978 | D:3      | 2978 ||| IDENTIFYING smoky golden potion
  2979 | D:3      | 2979 ||| DROPPING potion of invisibility.
  2980 | D:3      | 2980 ||| DROPPING potion of attraction.
  2987 | D:4      | Reached XP level 7. HP: 66/66 MP: 7/7
  3006 | D:4      | 3006 ||| Stepping ~*~*~tactically~*~*~ (hiding).
  3212 | D:4      | Found a staircase to the Ecumenical Temple.
  3249 | D:4      | 3249 ||| READING scroll labelled HUMEDI TEATWAC.
  3250 | D:4      | 3250 ||| READING 2 scrolls of identify.
  3250 | D:4      | 3250 ||| IDENTIFYING green potion
  3277 | D:5      | Entered Level 5 of the Dungeon
  3281 | D:5      | Reached skill level 8 in Unarmed Combat
  3357 | D:5      | 3357 ||| Stepping ~*~*~tactically~*~*~ (stealth).
  3393 | D:5      | Noticed a hornet
  3397 | D:5      | Killed a hornet
  3398 | D:5      | Reached skill level 3 in Fighting
  3653 | D:5      | Identified the +11 plate armour of Vuzabrav {Contam Rampage
                  | rC+ rN+}
  3916 | D:5      | Reached XP level 8. HP: 78/78 MP: 8/8
  4436 | D:5      | 4436 ||| Stepping ~*~*~tactically~*~*~ (stealth).
  4456 | D:5      | 4456 ||| Stepping ~*~*~tactically~*~*~ (stealth).
  4469 | D:5      | Reached skill level 9 in Unarmed Combat
  4492 | D:5      | 4492 ||| UPGRADING to +0 cloak.
  4497 | D:5      | 4497 ||| READING scroll labelled LUIRHAUQEI.
  4752 | D:6      | 4752 ||| Stepping ~*~*~tactically~*~*~ (stealth).
  4770 | D:6      | Reached skill level 1 in Dodging
  4773 | D:6      | 4773 ||| FLEEEEING.
  4774 | D:6      | 4774 ||| FLEEEEING.
  4775 | D:6      | 4775 ||| FLEEEEING.
  4776 | D:6      | 4776 ||| FLEEEEING.
  4777 | D:6      | 4777 ||| FLEEEEING.
  4778 | D:6      | 4778 ||| FLEEEEING.
  4779 | D:6      | 4779 ||| FLEEEEING.
  4780 | D:6      | 4780 ||| FLEEEEING.
  4781 | D:6      | 4781 ||| FLEEEEING.
  4782 | D:6      | 4782 ||| FLEEEEING.
  4787 | D:6      | 4787 ||| Stepping ~*~*~tactically~*~*~ (stealth).
  5051 | D:6      | 5051 ||| FLEEEEING.
  5056 | D:6      | 5056 ||| Stepping ~*~*~tactically~*~*~ (hiding).
  5065 | D:6      | 5065 ||| Stepping ~*~*~tactically~*~*~ (outnumbered).
  5066 | D:6      | 5066 ||| Stepping ~*~*~tactically~*~*~ (outnumbered).
  5067 | D:6      | 5067 ||| Stepping ~*~*~tactically~*~*~ (outnumbered).
  5068 | D:6      | 5068 ||| Stepping ~*~*~tactically~*~*~ (outnumbered).
  5069 | D:6      | 5069 ||| Stepping ~*~*~tactically~*~*~ (outnumbered).
  5070 | D:6      | 5070 ||| Stepping ~*~*~tactically~*~*~ (outnumbered).
  5071 | D:6      | 5071 ||| Stepping ~*~*~tactically~*~*~ (outnumbered).
  5074 | D:6      | 5074 ||| Stepping ~*~*~tactically~*~*~ (outnumbered).
  5077 | D:6      | 5077 ||| FLEEEEING.
  5078 | D:6      | 5078 ||| FLEEEEING.
  5079 | D:6      | 5079 ||| FLEEEEING.
  5080 | D:6      | 5080 ||| FLEEEEING.
  5081 | D:6      | 5081 ||| FLEEEEING.
  5082 | D:6      | 5082 ||| FLEEEEING.
  5083 | D:6      | 5083 ||| FLEEEEING.
  5084 | D:6      | 5084 ||| FLEEEEING.
  5085 | D:6      | 5085 ||| FLEEEEING.
  5086 | D:6      | 5086 ||| FLEEEEING.
  5087 | D:6      | 5087 ||| FLEEEEING.
  5088 | D:6      | 5088 ||| FLEEEEING.
  5276 | D:6      | 5276 ||| Stepping ~*~*~tactically~*~*~ (stealth).
  5279 | D:6      | Reached skill level 10 in Unarmed Combat
  5316 | D:6      | 5316 ||| Stepping ~*~*~tactically~*~*~ (hiding).
  5355 | D:6      | 5355 ||| Stepping ~*~*~tactically~*~*~ (outnumbered).
  5356 | D:6      | 5356 ||| Stepping ~*~*~tactically~*~*~ (hiding).
  5358 | D:6      | 5358 ||| Stepping ~*~*~tactically~*~*~ (outnumbered).
  5359 | D:6      | 5359 ||| Stepping ~*~*~tactically~*~*~ (outnumbered).
  5360 | D:6      | 5360 ||| Stepping ~*~*~tactically~*~*~ (outnumbered).
  5362 | D:6      | 5362 ||| Stepping ~*~*~tactically~*~*~ (outnumbered).
  5363 | D:6      | 5363 ||| Stepping ~*~*~tactically~*~*~ (outnumbered).
  5364 | D:6      | 5364 ||| Stepping ~*~*~tactically~*~*~ (outnumbered).
  5453 | D:6      | 5453 ||| Stepping ~*~*~tactically~*~*~ (hiding).
  5690 | D:6      | 5690 ||| Stepping ~*~*~tactically~*~*~ (hiding).
  5697 | D:6      | 5697 ||| INVOKING Fiery Armour.
  5700 | D:6      | Reached skill level 11 in Unarmed Combat
  5700 | D:6      | Reached XP level 9. HP: 37/84 MP: 9/9
  5701 | D:6      | HP: 21/84 [gnoll sergeant/+5 trident of flaming (2)]
  5702 | D:6      | 5702 ||| READING 2 scrolls of teleportation.
  5775 | D:6      | Reached skill level 3 in Throwing
  6072 | D:6      | 6072 ||| UPGRADING to +0 kite shield.
  6077 | D:6      | 6077 ||| UPGRADING to +4 ring of protection.
  6078 | D:6      | 6078 ||| READING scroll labelled KIRGHO BOBBI.
  6079 | D:6      | 6079 ||| READING 3 scrolls of identify.
  6079 | D:6      | 6079 ||| IDENTIFYING clear potion
  6080 | D:6      | 6080 ||| READING 2 scrolls of identify.
  6080 | D:6      | 6080 ||| IDENTIFYING coppery potion
  6081 | D:6      | 6081 ||| DROPPING potion of lignification.
  6082 | D:6      | 6082 ||| DROPPING potion of ambrosia.
  6202 | D:7      | 6202 ||| Stepping ~*~*~tactically~*~*~ (hiding).
  6315 | D:7      | Found Ceully's Tremendous Tomes.
  6357 | D:7      | Reached skill level 1 in Shields
  6377 | D:7      | 6377 ||| Stepping ~*~*~tactically~*~*~ (stealth).
  6392 | D:7      | Noticed Prince Ribbit
  6398 | D:7      | Killed Prince Ribbit
  6399 | D:7      | Reached skill level 3 in Shields
  6403 | D:7      | 6403 ||| Stepping ~*~*~tactically~*~*~ (stealth).
  6404 | D:7      | 6404 ||| Stepping ~*~*~tactically~*~*~ (stealth).
  6522 | D:7      | Found an opulent altar of Gozag.
  6523 | D:7      | Found Gozag's Platinum Reserve.
  6535 | D:7      | 6535 ||| SHOPLISTING amulet of Joy {rC+++ rN++ Regen+ Int-2
                  | Stlth+} (8110 gold, have 564).
  6748 | D:7      | 6748 ||| Stepping ~*~*~tactically~*~*~ (hiding).
  6754 | D:7      | 6754 ||| INVOKING Fiery Armour.
  6755 | D:7      | 6755 ||| Stepping ~*~*~tactically~*~*~ (outnumbered).
  6764 | D:7      | Paralysed by a hornet for 1 turns
  6775 | D:7      | HP: 17/84 [orc warrior/+2 scimitar of holy wrath (12)]
  6776 | D:7      | 6776 ||| READING 3 scrolls of teleportation.
  6777 | D:7      | 6777 ||| DRINKING 4 potions of heal wounds.
  6778 | D:7      | 6778 ||| DRINKING 3 potions of heal wounds.
  6902 | D:7      | 6902 ||| Stepping ~*~*~tactically~*~*~ (outnumbered).
  6905 | D:7      | 6905 ||| Stepping ~*~*~tactically~*~*~ (outnumbered).
  6913 | D:7      | 6913 ||| INVOKING Fiery Armour.
  6916 | D:7      | HP: 21/84 [something (6)]
  6917 | D:7      | 6917 ||| FLEEEEING.
  6918 | D:7      | 6918 ||| FLEEEEING.
  6919 | D:7      | 6919 ||| READING 2 scrolls of teleportation.
  6920 | D:7      | 6920 ||| DRINKING 2 potions of heal wounds.
  6922 | D:7      | Reached skill level 6 in Shields
  7068 | D:7      | 7068 ||| Stepping ~*~*~tactically~*~*~ (hiding).
  7105 | D:7      | 7105 ||| Stepping ~*~*~tactically~*~*~ (hiding).
  7278 | D:7      | 7278 ||| DRINKING 2 smoky cyan potions.
  7278 | D:7      | Gained mutation: Your mind is acute. (Int +4, Str/Dex -1)
                  | [potion of mutation]
  7278 | D:7      | Gained mutation: You expend magic power (3 MP) to
                  | strengthen your wands. [potion of mutation]
  7278 | D:7      | Gained mutation: You have large cloven feet. [potion of
                  | mutation]
  7279 | D:7      | 7279 ||| READING 2 scrolls of identify.
  7279 | D:7      | 7279 ||| IDENTIFYING sedimented red potion
  7421 | D:8      | Identified the +1 ring mail of Zifosigighui {-Cast Fly
                  | rPois Str+2}
  7457 | D:8      | 7457 ||| Stepping ~*~*~tactically~*~*~ (stealth).
  7459 | D:8      | 7459 ||| Stepping ~*~*~tactically~*~*~ (hiding).
  7470 | D:8      | 7470 ||| Stepping ~*~*~tactically~*~*~ (outnumbered).
  7546 | D:8      | Found Utogunnept's Vocational Training.
  7562 | D:8      | 7562 ||| Stepping ~*~*~tactically~*~*~ (hiding).
  7609 | D:8      | 7609 ||| Stepping ~*~*~tactically~*~*~ (stealth).
  7613 | D:8      | 7613 ||| DRINKING 9 potions of curing.
  7613 | D:8      | 7613 ||| (to cure confusion)
  7639 | D:8      | 7639 ||| READING scroll of acquirement.
  7639 | D:8      | 7639 ||| ACQUIRING +1 shadow dragon scales of Jigsaw {Int+8
                  | Stlth++++}
  7639 | D:8      | Acquired the +1 shadow dragon scales of Jigsaw {Int+8
                  | Stlth++++}
  7641 | D:8      | 7641 ||| UPGRADING to +1 shadow dragon scales of Jigsaw
                  | {Int+8 Stlth++++}.
  7651 | D:8      | 7651 ||| DROPPING +0 robe.
  7785 | D:8      | 7785 ||| READING 2 scrolls of identify.
  7785 | D:8      | 7785 ||| IDENTIFYING fuming yellow potion
  7786 | D:8      | 7786 ||| DROPPING potion of brilliance.
  7832 | D:9      | 7832 ||| Stepping ~*~*~tactically~*~*~ (hiding).
  7934 | D:9      | 7934 ||| Stepping ~*~*~tactically~*~*~ (hiding).
  8036 | D:9      | 8036 ||| Stepping ~*~*~tactically~*~*~ (hiding).
  8138 | D:9      | 8138 ||| Stepping ~*~*~tactically~*~*~ (hiding).
  8240 | D:9      | 8240 ||| Stepping ~*~*~tactically~*~*~ (hiding).
  8342 | D:9      | 8342 ||| Stepping ~*~*~tactically~*~*~ (hiding).
  8444 | D:9      | 8444 ||| Stepping ~*~*~tactically~*~*~ (hiding).
  8546 | D:9      | 8546 ||| Stepping ~*~*~tactically~*~*~ (hiding).
  8648 | D:9      | 8648 ||| Stepping ~*~*~tactically~*~*~ (hiding).
  8750 | D:9      | 8750 ||| Stepping ~*~*~tactically~*~*~ (hiding).
  8758 | D:9      | 8758 ||| INVOKING Fiery Armour.
  8760 | D:9      | 8760 ||| Stepping ~*~*~tactically~*~*~ (hiding).
  8763 | D:9      | 8763 ||| Stepping ~*~*~tactically~*~*~ (outnumbered).
  8779 | D:9      | Reached skill level 1 in Armour
  8826 | D:9      | Found a transporter.
  8833 | D:9      | Noticed a deep elf knight
  8834 | D:9      | Noticed a deep elf knight
  8834 | D:9      | Noticed a kobold demonologist
  8834 | D:9      | Noticed a kobold demonologist
  8835 | D:9      | Noticed a kobold demonologist
  8850 | D:9      | Reached XP level 10. HP: 86/92 MP: 10/10
  8856 | D:9      | 8856 ||| Stepping ~*~*~tactically~*~*~ (hiding).
  8859 | D:9      | 8859 ||| Stepping ~*~*~tactically~*~*~ (hiding).
  8865 | D:9      | 8865 ||| Stepping ~*~*~tactically~*~*~ (hiding).
  8867 | D:9      | 8867 ||| Stepping ~*~*~tactically~*~*~ (hiding).
  8887 | D:9      | 8887 ||| INVOKING Fiery Armour.
  8890 | D:9      | 8890 ||| Stepping ~*~*~tactically~*~*~ (outnumbered).
  8891 | D:9      | 8891 ||| Stepping ~*~*~tactically~*~*~ (outnumbered).
  8893 | D:9      | 8893 ||| Stepping ~*~*~tactically~*~*~ (outnumbered).
  8895 | D:9      | 8895 ||| Stepping ~*~*~tactically~*~*~ (outnumbered).
  8897 | D:9      | 8897 ||| Stepping ~*~*~tactically~*~*~ (outnumbered).
  8898 | D:9      | 8898 ||| Stepping ~*~*~tactically~*~*~ (outnumbered).
  8901 | D:9      | 8901 ||| Stepping ~*~*~tactically~*~*~ (outnumbered).
  8902 | D:9      | 8902 ||| Stepping ~*~*~tactically~*~*~ (outnumbered).
  8903 | D:9      | 8903 ||| Stepping ~*~*~tactically~*~*~ (outnumbered).
  8905 | D:9      | 8905 ||| Stepping ~*~*~tactically~*~*~ (outnumbered).
  8923 | D:9      | 8923 ||| Stepping ~*~*~tactically~*~*~ (stealth).
  8924 | D:9      | 8924 ||| Stepping ~*~*~tactically~*~*~ (stealth).
  8928 | D:9      | 8928 ||| Stepping ~*~*~tactically~*~*~ (stealth).
  8929 | D:9      | 8929 ||| Stepping ~*~*~tactically~*~*~ (stealth).
  8938 | D:9      | Found a staircase to the Orcish Mines.
  8993 | D:9      | Found a transporter.
  9031 | D:9      | 9031 ||| Stepping ~*~*~tactically~*~*~ (hiding).
  9032 | D:9      | 9032 ||| Stepping ~*~*~tactically~*~*~ (hiding).
  9391 | D:9      | 9391 ||| Stepping ~*~*~tactically~*~*~ (stealth).
  9398 | D:9      | 9398 ||| Stepping ~*~*~tactically~*~*~ (outnumbered).
  9399 | D:9      | 9399 ||| Stepping ~*~*~tactically~*~*~ (outnumbered).
  9400 | D:9      | 9400 ||| Stepping ~*~*~tactically~*~*~ (outnumbered).
  9401 | D:9      | 9401 ||| Stepping ~*~*~tactically~*~*~ (outnumbered).
  9407 | D:9      | Reached skill level 3 in Armour
  9415 | D:9      | 9415 ||| Stepping ~*~*~tactically~*~*~ (hiding).
  9417 | D:9      | 9417 ||| Stepping ~*~*~tactically~*~*~ (hiding).
  9418 | D:9      | 9418 ||| Stepping ~*~*~tactically~*~*~ (stealth).
  9419 | D:9      | 9419 ||| Stepping ~*~*~tactically~*~*~ (hiding).
  9420 | D:9      | 9420 ||| Stepping ~*~*~tactically~*~*~ (stealth).
  9426 | D:9      | 9426 ||| Stepping ~*~*~tactically~*~*~ (outnumbered).
  9427 | D:9      | 9427 ||| Stepping ~*~*~tactically~*~*~ (outnumbered).
  9428 | D:9      | 9428 ||| INVOKING Fiery Armour.
  9724 | D:9      | 9724 ||| UPGRADING to +6 ring of dexterity.
  9725 | D:9      | 9725 ||| READING 2 scrolls of identify.
  9725 | D:9      | 9725 ||| IDENTIFYING murky purple potion
  9726 | D:9      | 9726 ||| DROPPING potion of magic.
  9754 | D:10     | Entered Level 10 of the Dungeon
  9799 | D:10     | Found a sacrificial altar of Ru.
  9807 | D:10     | 9807 ||| Stepping ~*~*~tactically~*~*~ (stealth).
  9809 | D:10     | 9809 ||| Stepping ~*~*~tactically~*~*~ (stealth).
  9812 | D:10     | 9812 ||| Stepping ~*~*~tactically~*~*~ (stealth).
  9814 | D:10     | 9814 ||| Stepping ~*~*~tactically~*~*~ (outnumbered).
  9816 | D:10     | 9816 ||| Stepping ~*~*~tactically~*~*~ (outnumbered).
  9817 | D:10     | 9817 ||| Stepping ~*~*~tactically~*~*~ (outnumbered).
  9871 | D:10     | 9871 ||| Stepping ~*~*~tactically~*~*~ (stealth).
  9878 | D:10     | 9878 ||| Stepping ~*~*~tactically~*~*~ (stealth).
  9879 | D:10     | 9879 ||| Stepping ~*~*~tactically~*~*~ (stealth).
  9976 | D:10     | Found a staircase to the Lair.
 10043 | D:10     | Reached skill level 9 in Shields
 10191 | D:10     | Found a basalt altar of Yredelemnul.
 10304 | D:10     | 10304 ||| PLANNING LAIR
 10304 | D:10     | 10304 ||| DROPPING ring of resist corrosion.
 10305 | D:10     | 10305 ||| READING 2 scrolls labelled LIHAF SOFREW.
 10306 | D:10     | 10306 ||| DROPPING scroll of magic mapping.
 10346 | Lair:1   | Entered Level 1 of the Lair of Beasts
 10462 | Lair:1   | 10462 ||| INVOKING Fiery Armour.
 10467 | Lair:1   | 10467 ||| Stepping ~*~*~tactically~*~*~ (outnumbered).
 10476 | Lair:1   | Reached skill level 12 in Unarmed Combat
 10523 | Lair:1   | Identified the +0 robe of Zolun {rCorr MP+9 Int-5 Dex+4}
 10539 | Lair:1   | Noticed a boulder beetle
 10550 | Lair:1   | 10550 ||| INVOKING Fiery Armour.
 10556 | Lair:1   | Killed a boulder beetle
 10557 | Lair:1   | Reached XP level 11. HP: 81/100 MP: 11/11
 10803 | Lair:1   | Noticed an eight-headed hydra
 10804 | Lair:1   | 10804 ||| INVOKING Fiery Armour.
 10811 | Lair:1   | Killed an 11-headed hydra
 11101 | Lair:2   | 11101 ||| PLANNING GAUNTLET
 11105 | Lair:2   | 11105 ||| STAIRDANCE
 11131 | Lair:2   | 11131 ||| Stepping ~*~*~tactically~*~*~ (stealth).
 11278 | Lair:2   | 11278 ||| Stepping ~*~*~tactically~*~*~ (stealth).
 11279 | Lair:2   | 11279 ||| INVOKING Fiery Armour.
 11294 | Lair:2   | Reached skill level 13 in Unarmed Combat
 11375 | Lair:2   | Identified the +5 long sword of Suadui {freeze, Int+4
                  | Stlth+}
 11376 | Lair:2   | Found a staircase to the Snake Pit.
 11378 | Lair:2   | 11378 ||| Stepping ~*~*~tactically~*~*~ (hiding).
 11480 | Lair:2   | 11480 ||| Stepping ~*~*~tactically~*~*~ (hiding).
 11543 | Lair:2   | 11543 ||| RIP GAUNTLET
 11548 | Lair:2   | 11548 ||| PLANNING LAIR
 11552 | Lair:2   | 11552 ||| Stepping ~*~*~tactically~*~*~ (stealth).
 11553 | Lair:2   | 11553 ||| Stepping ~*~*~tactically~*~*~ (hiding).
 11592 | Lair:2   | Noticed Maggie
 11604 | Lair:2   | Killed Maggie
 11683 | Lair:2   | 11683 ||| Stepping ~*~*~tactically~*~*~ (outnumbered).
 11724 | Lair:2   | 11724 ||| Stepping ~*~*~tactically~*~*~ (stealth).
 11726 | Lair:2   | 11726 ||| Stepping ~*~*~tactically~*~*~ (stealth).
 11728 | Lair:2   | 11728 ||| Stepping ~*~*~tactically~*~*~ (stealth).
 11909 | Lair:2   | Found a staircase to the Swamp.
 11912 | Lair:2   | 11912 ||| Stepping ~*~*~tactically~*~*~ (hiding).
 12155 | Lair:2   | 12155 ||| READING 3 scrolls labelled RUANOVIRUL.
 12156 | Lair:2   | 12156 ||| READING 2 scrolls of enchant armour.
 12156 | Lair:2   | 12156 ||| ENCHANTING +0 cloak.
 12157 | Lair:2   | 12157 ||| READING scroll of enchant armour.
 12157 | Lair:2   | 12157 ||| ENCHANTING +1 cloak.
 12274 | Lair:3   | Noticed Gastronok
 12275 | Lair:3   | 12275 ||| Stepping ~*~*~tactically~*~*~ (hiding).
 12284 | Lair:3   | Noticed Nergalle
 12285 | Lair:3   | 12285 ||| Stepping ~*~*~tactically~*~*~ (outnumbered).
 12286 | Lair:3   | Killed Gastronok
 12287 | Lair:3   | Reached skill level 14 in Unarmed Combat
 12287 | Lair:3   | Reached XP level 12. HP: 106/111 MP: 12/12
 12291 | Lair:3   | Killed Nergalle
 12298 | Lair:3   | 12298 ||| Stepping ~*~*~tactically~*~*~ (outnumbered).
 12299 | Lair:3   | 12299 ||| Stepping ~*~*~tactically~*~*~ (outnumbered).
 12300 | Lair:3   | 12300 ||| Stepping ~*~*~tactically~*~*~ (outnumbered).
 12301 | Lair:3   | 12301 ||| Stepping ~*~*~tactically~*~*~ (outnumbered).
 12302 | Lair:3   | 12302 ||| Stepping ~*~*~tactically~*~*~ (outnumbered).
 12303 | Lair:3   | 12303 ||| Stepping ~*~*~tactically~*~*~ (outnumbered).
 12320 | Lair:3   | Reached skill level 6 in Fighting
 12349 | Lair:3   | 12349 ||| Stepping ~*~*~tactically~*~*~ (stealth).
 12352 | Lair:3   | 12352 ||| Stepping ~*~*~tactically~*~*~ (stealth).
 12357 | Lair:3   | 12357 ||| Stepping ~*~*~tactically~*~*~ (outnumbered).
 12378 | Lair:3   | Noticed a death yak
 12379 | Lair:3   | Noticed a death yak
 12380 | Lair:3   | Noticed a death yak
 12380 | Lair:3   | 12380 ||| Stepping ~*~*~tactically~*~*~ (stealth).
 12383 | Lair:3   | Noticed a death yak
 12383 | Lair:3   | Noticed a death yak
 12388 | Lair:3   | Killed a death yak
 12390 | Lair:3   | 12390 ||| Stepping ~*~*~tactically~*~*~ (outnumbered).
 12391 | Lair:3   | 12391 ||| Stepping ~*~*~tactically~*~*~ (outnumbered).
 12392 | Lair:3   | 12392 ||| Stepping ~*~*~tactically~*~*~ (outnumbered).
 12393 | Lair:3   | 12393 ||| Stepping ~*~*~tactically~*~*~ (outnumbered).
 12394 | Lair:3   | 12394 ||| Stepping ~*~*~tactically~*~*~ (outnumbered).
 12399 | Lair:3   | Killed a death yak
 12410 | Lair:3   | Killed a death yak
 12415 | Lair:3   | HP: 11/114 [death yak (19)]
 12416 | Lair:3   | 12416 ||| READING 7 scrolls of teleportation.
 12417 | Lair:3   | 12417 ||| DRINKING 2 potions of heal wounds.
 12420 | Lair:3   | 12420 ||| FLEEEEING.
 12421 | Lair:3   | 12421 ||| STAIRDANCE
 12459 | Lair:2   | 12459 ||| UPGRADING to +0 hat of willpower.
 12490 | Lair:3   | 12490 ||| READING scroll of enchant armour.
 12490 | Lair:3   | 12490 ||| ENCHANTING +0 hat of willpower.
 12517 | Lair:3   | Killed a death yak
 12521 | Lair:3   | Killed a death yak
 12522 | Lair:3   | Reached skill level 15 in Unarmed Combat
 12730 | Lair:3   | 12730 ||| Stepping ~*~*~tactically~*~*~ (stealth).
 13200 | Lair:4   | Noticed a six-headed hydra
 13210 | Lair:4   | Killed a nine-headed hydra
 13296 | Lair:4   | You fall into a shaft and drop 1 floor!
 13296 | Lair:5   | Entered Level 5 of the Lair of Beasts
 13342 | Lair:5   | 13342 ||| READING scroll labelled HAJIYFI KOSYD.
 13345 | Lair:5   | 13345 ||| Stepping ~*~*~tactically~*~*~ (stealth).
 13359 | Lair:4   | 13359 ||| Stepping ~*~*~tactically~*~*~ (stealth).
 13360 | Lair:4   | 13360 ||| Stepping ~*~*~tactically~*~*~ (stealth).
 13361 | Lair:4   | 13361 ||| Stepping ~*~*~tactically~*~*~ (stealth).
 13364 | Lair:4   | 13364 ||| Stepping ~*~*~tactically~*~*~ (outnumbered).
 13462 | Lair:4   | 13462 ||| Stepping ~*~*~tactically~*~*~ (stealth).
 13468 | Lair:4   | 13468 ||| Stepping ~*~*~tactically~*~*~ (stealth).
 13677 | Lair:4   | Reached XP level 13. HP: 120/120 MP: 13/13
 13941 | Lair:5   | 13941 ||| FLEEEEING.
 13942 | Lair:5   | 13942 ||| FLEEEEING.
 13944 | Lair:5   | 13944 ||| Stepping ~*~*~tactically~*~*~ (stealth).
 13947 | Lair:5   | 13947 ||| FLEEEEING.
 13948 | Lair:5   | 13948 ||| FLEEEEING.
 13949 | Lair:5   | 13949 ||| FLEEEEING.
 13950 | Lair:5   | 13950 ||| FLEEEEING.
 13951 | Lair:5   | 13951 ||| FLEEEEING.
 13952 | Lair:5   | 13952 ||| FLEEEEING.
 13953 | Lair:5   | 13953 ||| FLEEEEING.
 13954 | Lair:5   | 13954 ||| STAIRDANCE
 13958 | Lair:5   | 13958 ||| STAIRDANCE
 13964 | Lair:5   | 13964 ||| STAIRDANCE
 13984 | Lair:5   | 13984 ||| Stepping ~*~*~tactically~*~*~ (stealth).
 13985 | Lair:5   | 13985 ||| Stepping ~*~*~tactically~*~*~ (stealth).
 14016 | Lair:5   | 14016 ||| Stepping ~*~*~tactically~*~*~ (outnumbered).
 14019 | Lair:5   | 14019 ||| Stepping ~*~*~tactically~*~*~ (outnumbered).
 14021 | Lair:5   | Reached skill level 16 in Unarmed Combat
 14021 | Lair:5   | 14021 ||| Stepping ~*~*~tactically~*~*~ (outnumbered).
 14022 | Lair:5   | 14022 ||| Stepping ~*~*~tactically~*~*~ (outnumbered).
 14023 | Lair:5   | 14023 ||| Stepping ~*~*~tactically~*~*~ (outnumbered).
 14113 | Lair:5   | Found a staircase to the Slime Pits.
 14144 | Lair:5   | 14144 ||| Stepping ~*~*~tactically~*~*~ (stealth).
 14217 | Lair:5   | 14217 ||| Stepping ~*~*~tactically~*~*~ (stealth).
 14219 | Lair:5   | 14219 ||| Stepping ~*~*~tactically~*~*~ (stealth).
 14226 | Lair:5   | 14226 ||| Stepping ~*~*~tactically~*~*~ (outnumbered).
 14243 | Lair:5   | 14243 ||| Stepping ~*~*~tactically~*~*~ (stealth).
 14256 | Lair:5   | Reached skill level 6 in Armour
 14259 | Lair:5   | 14259 ||| Stepping ~*~*~tactically~*~*~ (stealth).
 14260 | Lair:5   | 14260 ||| Stepping ~*~*~tactically~*~*~ (stealth).
 14265 | Lair:5   | 14265 ||| Stepping ~*~*~tactically~*~*~ (stealth).
 14269 | Lair:5   | 14269 ||| Stepping ~*~*~tactically~*~*~ (outnumbered).
 14271 | Lair:5   | 14271 ||| Stepping ~*~*~tactically~*~*~ (outnumbered).
 14298 | Lair:5   | 14298 ||| Stepping ~*~*~tactically~*~*~ (stealth).
 14317 | Lair:5   | 14317 ||| FLEEEEING.
 14322 | Lair:5   | 14322 ||| Stepping ~*~*~tactically~*~*~ (outnumbered).
 14323 | Lair:5   | 14323 ||| Stepping ~*~*~tactically~*~*~ (outnumbered).
 14324 | Lair:5   | 14324 ||| Stepping ~*~*~tactically~*~*~ (outnumbered).
 14325 | Lair:5   | 14325 ||| Stepping ~*~*~tactically~*~*~ (outnumbered).
 14332 | Lair:5   | Noticed Sonja
 14333 | Lair:5   | 14333 ||| Stepping ~*~*~tactically~*~*~ (outnumbered).
 14334 | Lair:5   | 14334 ||| Stepping ~*~*~tactically~*~*~ (outnumbered).
 14340 | Lair:5   | 14340 ||| Stepping ~*~*~tactically~*~*~ (outnumbered).
 14351 | Lair:5   | Noticed Urug
 14378 | Lair:5   | 14378 ||| Stepping ~*~*~tactically~*~*~ (outnumbered).
 14379 | Lair:5   | 14379 ||| Stepping ~*~*~tactically~*~*~ (outnumbered).
 14380 | Lair:5   | 14380 ||| Stepping ~*~*~tactically~*~*~ (outnumbered).
 14381 | Lair:5   | 14381 ||| Stepping ~*~*~tactically~*~*~ (outnumbered).
 14382 | Lair:5   | 14382 ||| Stepping ~*~*~tactically~*~*~ (outnumbered).
 14384 | Lair:5   | 14384 ||| Stepping ~*~*~tactically~*~*~ (outnumbered).
 14392 | Lair:5   | 14392 ||| Stepping ~*~*~tactically~*~*~ (outnumbered).
 14415 | Lair:5   | Killed Urug
 14416 | Lair:5   | Reached skill level 17 in Unarmed Combat
 14430 | Lair:5   | HP: 30/124 [Sonja/+2 dagger of venom (3)]
 14431 | Lair:5   | 14431 ||| READING 8 scrolls of teleportation.
 14432 | Lair:5   | 14432 ||| DRINKING 3 potions of heal wounds.
 14433 | Lair:5   | 14433 ||| DRINKING 2 potions of heal wounds.
 14435 | Lair:5   | HP: 30/124 [poisoned by Sonja]
 14440 | Lair:5   | HP: 22/124 [poisoned by Sonja]
 14445 | Lair:5   | HP: 26/124 [poisoned by Sonja]
 14516 | Lair:5   | 14516 ||| Stepping ~*~*~tactically~*~*~ (stealth).
 14518 | Lair:5   | 14518 ||| Stepping ~*~*~tactically~*~*~ (stealth).
 14539 | Lair:5   | Reached skill level 3 in Dodging
 14700 | Lair:5   | 14700 ||| READING 3 scrolls of enchant armour.
 14700 | Lair:5   | 14700 ||| ENCHANTING +1 hat of willpower.
 14711 | Lair:5   | Killed Sonja
 14886 | Lair:5   | 14886 ||| Stepping ~*~*~tactically~*~*~ (stealth).
 14888 | Lair:5   | 14888 ||| Stepping ~*~*~tactically~*~*~ (stealth).
 14890 | Lair:5   | 14890 ||| Stepping ~*~*~tactically~*~*~ (stealth).
 14895 | Lair:5   | 14895 ||| Stepping ~*~*~tactically~*~*~ (cloud).
 14898 | Lair:5   | 14898 ||| Stepping ~*~*~tactically~*~*~ (cloud).
 14901 | Lair:5   | 14901 ||| Stepping ~*~*~tactically~*~*~ (cloud).
 14903 | Lair:5   | 14903 ||| Stepping ~*~*~tactically~*~*~ (cloud).
 14959 | Lair:5   | 14959 ||| Stepping ~*~*~tactically~*~*~ (stealth).
 14964 | Lair:5   | Noticed a dire elephant
 14965 | Lair:5   | 14965 ||| Stepping ~*~*~tactically~*~*~ (stealth).
 14984 | Lair:5   | Killed a dire elephant
 15077 | Lair:5   | Reached XP level 14. HP: 133/133 MP: 14/14
 15385 | Lair:5   | 15385 ||| PLANNING D:1-11
 15385 | Lair:5   | 15385 ||| DROPPING ring of willpower.
 15386 | Lair:5   | 15386 ||| READING scroll labelled NEMIMP NENE.
 15505 | D:11     | Noticed agentgt's ghost (novice CeCK)
 15505 | D:11     | Found a runed translucent door.
 15507 | D:11     | 15507 ||| STAIRDANCE
 15515 | D:11     | 15515 ||| STAIRDANCE
 15549 | D:11     | 15549 ||| Stepping ~*~*~tactically~*~*~ (stealth).
 15551 | D:11     | 15551 ||| Stepping ~*~*~tactically~*~*~ (stealth).
 15552 | D:11     | 15552 ||| Stepping ~*~*~tactically~*~*~ (stealth).
 15553 | D:11     | 15553 ||| Stepping ~*~*~tactically~*~*~ (stealth).
 15554 | D:11     | 15554 ||| Stepping ~*~*~tactically~*~*~ (stealth).
 15556 | D:11     | 15556 ||| Stepping ~*~*~tactically~*~*~ (hiding).
 15561 | D:11     | 15561 ||| Stepping ~*~*~tactically~*~*~ (hiding).
 15563 | D:11     | 15563 ||| Stepping ~*~*~tactically~*~*~ (hiding).
 15564 | D:11     | 15564 ||| Stepping ~*~*~tactically~*~*~ (hiding).
 15565 | D:11     | 15565 ||| Stepping ~*~*~tactically~*~*~ (stealth).
 15571 | D:11     | 15571 ||| Stepping ~*~*~tactically~*~*~ (hiding).
 15572 | D:11     | 15572 ||| Stepping ~*~*~tactically~*~*~ (hiding).
 15589 | D:11     | 15589 ||| Stepping ~*~*~tactically~*~*~ (hiding).
 15591 | D:11     | 15591 ||| Stepping ~*~*~tactically~*~*~ (hiding).
 15592 | D:11     | 15592 ||| Stepping ~*~*~tactically~*~*~ (hiding).
 15595 | D:11     | 15595 ||| Stepping ~*~*~tactically~*~*~ (hiding).
 15596 | D:11     | 15596 ||| FLEEEEING.
 15601 | D:11     | 15601 ||| Stepping ~*~*~tactically~*~*~ (outnumbered).
 15602 | D:11     | 15602 ||| Stepping ~*~*~tactically~*~*~ (outnumbered).
 15603 | D:11     | 15603 ||| Stepping ~*~*~tactically~*~*~ (outnumbered).
 15605 | D:11     | 15605 ||| Stepping ~*~*~tactically~*~*~ (outnumbered).
 15606 | D:11     | 15606 ||| Stepping ~*~*~tactically~*~*~ (outnumbered).
 15607 | D:11     | 15607 ||| Stepping ~*~*~tactically~*~*~ (outnumbered).
 15609 | D:11     | 15609 ||| Stepping ~*~*~tactically~*~*~ (outnumbered).
 15615 | D:11     | 15615 ||| Stepping ~*~*~tactically~*~*~ (outnumbered).
 15620 | D:11     | 15620 ||| Stepping ~*~*~tactically~*~*~ (outnumbered).
 15622 | D:11     | 15622 ||| Stepping ~*~*~tactically~*~*~ (outnumbered).
 15715 | D:11     | Identified the +6 plate armour of the Demon Prince {rElec
                  | rN+}
 15740 | D:11     | 15740 ||| FLEEEEING.
 15741 | D:11     | 15741 ||| FLEEEEING.
 15803 | D:11     | 15803 ||| Stepping ~*~*~tactically~*~*~ (outnumbered).
 15807 | D:11     | 15807 ||| Stepping ~*~*~tactically~*~*~ (outnumbered).
 15809 | D:11     | 15809 ||| Stepping ~*~*~tactically~*~*~ (outnumbered).
 15819 | D:11     | 15819 ||| Stepping ~*~*~tactically~*~*~ (outnumbered).
 15820 | D:11     | 15820 ||| Stepping ~*~*~tactically~*~*~ (outnumbered).
 15821 | D:11     | 15821 ||| Stepping ~*~*~tactically~*~*~ (outnumbered).
 15822 | D:11     | 15822 ||| Stepping ~*~*~tactically~*~*~ (outnumbered).
 15823 | D:11     | 15823 ||| Stepping ~*~*~tactically~*~*~ (outnumbered).
 15824 | D:11     | 15824 ||| Stepping ~*~*~tactically~*~*~ (outnumbered).
 15826 | D:11     | 15826 ||| Stepping ~*~*~tactically~*~*~ (outnumbered).
 15828 | D:11     | 15828 ||| Stepping ~*~*~tactically~*~*~ (outnumbered).
 15829 | D:11     | 15829 ||| Stepping ~*~*~tactically~*~*~ (outnumbered).
 15830 | D:11     | 15830 ||| Stepping ~*~*~tactically~*~*~ (outnumbered).
 15831 | D:11     | 15831 ||| Stepping ~*~*~tactically~*~*~ (outnumbered).
 15832 | D:11     | 15832 ||| Stepping ~*~*~tactically~*~*~ (outnumbered).
 15833 | D:11     | 15833 ||| Stepping ~*~*~tactically~*~*~ (outnumbered).
 15835 | D:11     | 15835 ||| Stepping ~*~*~tactically~*~*~ (outnumbered).
 15836 | D:11     | 15836 ||| Stepping ~*~*~tactically~*~*~ (outnumbered).
 15840 | D:11     | 15840 ||| Stepping ~*~*~tactically~*~*~ (outnumbered).
 15843 | D:11     | 15843 ||| Stepping ~*~*~tactically~*~*~ (outnumbered).
 15844 | D:11     | 15844 ||| Stepping ~*~*~tactically~*~*~ (outnumbered).
 15845 | D:11     | 15845 ||| Stepping ~*~*~tactically~*~*~ (outnumbered).
 15846 | D:11     | 15846 ||| Stepping ~*~*~tactically~*~*~ (outnumbered).
 15847 | D:11     | 15847 ||| Stepping ~*~*~tactically~*~*~ (outnumbered).
 15848 | D:11     | 15848 ||| Stepping ~*~*~tactically~*~*~ (outnumbered).
 15849 | D:11     | 15849 ||| Stepping ~*~*~tactically~*~*~ (outnumbered).
 15850 | D:11     | 15850 ||| Stepping ~*~*~tactically~*~*~ (outnumbered).
 15851 | D:11     | 15851 ||| Stepping ~*~*~tactically~*~*~ (outnumbered).
 15852 | D:11     | 15852 ||| Stepping ~*~*~tactically~*~*~ (outnumbered).
 15853 | D:11     | 15853 ||| Stepping ~*~*~tactically~*~*~ (outnumbered).
 15854 | D:11     | 15854 ||| Stepping ~*~*~tactically~*~*~ (outnumbered).
 15856 | D:11     | 15856 ||| Stepping ~*~*~tactically~*~*~ (outnumbered).
 15857 | D:11     | 15857 ||| Stepping ~*~*~tactically~*~*~ (outnumbered).
 16040 | D:11     | Reached skill level 6 in Throwing
 16464 | D:11     | 16464 ||| DRINKING 2 orange potions.
 16465 | D:11     | 16465 ||| PLANNING D
 16516 | D:12     | 16516 ||| Stepping ~*~*~tactically~*~*~ (outnumbered).
 16517 | D:12     | 16517 ||| Stepping ~*~*~tactically~*~*~ (outnumbered).
 16531 | D:12     | 16531 ||| Stepping ~*~*~tactically~*~*~ (outnumbered).
 16532 | D:12     | 16532 ||| Stepping ~*~*~tactically~*~*~ (outnumbered).
 16535 | D:12     | 16535 ||| Stepping ~*~*~tactically~*~*~ (outnumbered).
 16537 | D:12     | 16537 ||| Stepping ~*~*~tactically~*~*~ (outnumbered).
 16539 | D:12     | 16539 ||| Stepping ~*~*~tactically~*~*~ (outnumbered).
 16544 | D:12     | 16544 ||| Stepping ~*~*~tactically~*~*~ (outnumbered).
 16545 | D:12     | 16545 ||| Stepping ~*~*~tactically~*~*~ (outnumbered).
 16549 | D:12     | 16549 ||| Stepping ~*~*~tactically~*~*~ (outnumbered).
 16550 | D:12     | 16550 ||| Stepping ~*~*~tactically~*~*~ (outnumbered).
 16551 | D:12     | 16551 ||| Stepping ~*~*~tactically~*~*~ (outnumbered).
 16552 | D:12     | 16552 ||| Stepping ~*~*~tactically~*~*~ (outnumbered).
 16553 | D:12     | 16553 ||| Stepping ~*~*~tactically~*~*~ (outnumbered).
 16554 | D:12     | 16554 ||| Stepping ~*~*~tactically~*~*~ (outnumbered).
 16556 | D:12     | 16556 ||| Stepping ~*~*~tactically~*~*~ (outnumbered).
 16557 | D:12     | 16557 ||| Stepping ~*~*~tactically~*~*~ (outnumbered).
 16558 | D:12     | 16558 ||| Stepping ~*~*~tactically~*~*~ (outnumbered).
 16559 | D:12     | 16559 ||| Stepping ~*~*~tactically~*~*~ (outnumbered).
 16565 | D:12     | HP: 26/133 [boulder beetle (29)]
 16566 | D:12     | 16566 ||| READING 7 scrolls of teleportation.
 16566 | D:12     | HP: 12/133 [vampire mosquito (9)]
 16567 | D:12     | 16567 ||| DRINKING potion of heal wounds.
 16575 | D:12     | 16575 ||| Stepping ~*~*~tactically~*~*~ (outnumbered).
 16576 | D:12     | 16576 ||| Stepping ~*~*~tactically~*~*~ (outnumbered).
 16578 | D:12     | 16578 ||| Stepping ~*~*~tactically~*~*~ (outnumbered).
 16582 | D:12     | 16582 ||| Stepping ~*~*~tactically~*~*~ (outnumbered).
 16583 | D:12     | 16583 ||| Stepping ~*~*~tactically~*~*~ (outnumbered).
 16584 | D:12     | 16584 ||| Stepping ~*~*~tactically~*~*~ (outnumbered).
 16585 | D:12     | 16585 ||| Stepping ~*~*~tactically~*~*~ (outnumbered).
 16586 | D:12     | 16586 ||| Stepping ~*~*~tactically~*~*~ (outnumbered).
 16590 | D:12     | 16590 ||| Stepping ~*~*~tactically~*~*~ (outnumbered).
 16591 | D:12     | 16591 ||| Stepping ~*~*~tactically~*~*~ (outnumbered).
 16592 | D:12     | 16592 ||| Stepping ~*~*~tactically~*~*~ (outnumbered).
 16593 | D:12     | 16593 ||| Stepping ~*~*~tactically~*~*~ (outnumbered).
 16594 | D:12     | 16594 ||| Stepping ~*~*~tactically~*~*~ (outnumbered).
 16595 | D:12     | 16595 ||| Stepping ~*~*~tactically~*~*~ (outnumbered).
 16596 | D:12     | 16596 ||| Stepping ~*~*~tactically~*~*~ (outnumbered).
 16657 | D:12     | 16657 ||| Stepping ~*~*~tactically~*~*~ (outnumbered).
 16658 | D:12     | 16658 ||| Stepping ~*~*~tactically~*~*~ (outnumbered).
 16659 | D:12     | 16659 ||| Stepping ~*~*~tactically~*~*~ (outnumbered).
 16660 | D:12     | 16660 ||| Stepping ~*~*~tactically~*~*~ (outnumbered).
 16663 | D:12     | 16663 ||| Stepping ~*~*~tactically~*~*~ (outnumbered).
 16664 | D:12     | 16664 ||| Stepping ~*~*~tactically~*~*~ (outnumbered).
 16665 | D:12     | 16665 ||| Stepping ~*~*~tactically~*~*~ (outnumbered).
 16666 | D:12     | 16666 ||| Stepping ~*~*~tactically~*~*~ (outnumbered).
 16667 | D:12     | 16667 ||| Stepping ~*~*~tactically~*~*~ (outnumbered).
 16668 | D:12     | 16668 ||| Stepping ~*~*~tactically~*~*~ (outnumbered).
 16906 | D:12     | Found Heotewni's Antique Weapon Shoppe.
 17096 | D:12     | 17096 ||| Stepping ~*~*~tactically~*~*~ (outnumbered).
 17274 | D:12     | 17274 ||| Stepping ~*~*~tactically~*~*~ (outnumbered).
 17275 | D:12     | 17275 ||| Stepping ~*~*~tactically~*~*~ (outnumbered).
 17276 | D:12     | 17276 ||| Stepping ~*~*~tactically~*~*~ (stealth).
 17286 | D:12     | 17286 ||| FLEEEEING.
 17287 | D:12     | 17287 ||| FLEEEEING.
 17288 | D:12     | 17288 ||| FLEEEEING.
 17289 | D:12     | 17289 ||| FLEEEEING.
 17290 | D:12     | 17290 ||| FLEEEEING.
 17291 | D:12     | 17291 ||| FLEEEEING.
 17292 | D:12     | 17292 ||| FLEEEEING.
 17293 | D:12     | 17293 ||| FLEEEEING.
 17294 | D:12     | 17294 ||| FLEEEEING.
 17295 | D:12     | 17295 ||| FLEEEEING.
 17296 | D:12     | 17296 ||| FLEEEEING.
 17297 | D:12     | 17297 ||| FLEEEEING.
 17298 | D:12     | 17298 ||| FLEEEEING.
 17299 | D:12     | 17299 ||| FLEEEEING.
 17300 | D:12     | 17300 ||| FLEEEEING.
 17301 | D:12     | 17301 ||| FLEEEEING.
 17302 | D:12     | 17302 ||| FLEEEEING.
 17303 | D:12     | 17303 ||| FLEEEEING.
 17304 | D:12     | 17304 ||| FLEEEEING.
 17305 | D:12     | 17305 ||| STAIRDANCE
 17407 | D:12     | 17407 ||| Stepping ~*~*~tactically~*~*~ (stealth).
 17409 | D:12     | 17409 ||| Stepping ~*~*~tactically~*~*~ (stealth).
 17411 | D:12     | 17411 ||| Stepping ~*~*~tactically~*~*~ (stealth).
 17413 | D:12     | 17413 ||| Stepping ~*~*~tactically~*~*~ (stealth).
 17414 | D:12     | 17414 ||| Stepping ~*~*~tactically~*~*~ (stealth).
 17422 | D:12     | 17422 ||| Stepping ~*~*~tactically~*~*~ (outnumbered).
 17423 | D:12     | 17423 ||| Stepping ~*~*~tactically~*~*~ (outnumbered).
 17424 | D:12     | 17424 ||| Stepping ~*~*~tactically~*~*~ (outnumbered).
 17425 | D:12     | 17425 ||| Stepping ~*~*~tactically~*~*~ (outnumbered).
 17426 | D:12     | 17426 ||| Stepping ~*~*~tactically~*~*~ (outnumbered).
 17427 | D:12     | 17427 ||| Stepping ~*~*~tactically~*~*~ (outnumbered).
 17428 | D:12     | 17428 ||| Stepping ~*~*~tactically~*~*~ (outnumbered).
 17429 | D:12     | 17429 ||| Stepping ~*~*~tactically~*~*~ (outnumbered).
 17430 | D:12     | 17430 ||| Stepping ~*~*~tactically~*~*~ (outnumbered).
 17431 | D:12     | 17431 ||| Stepping ~*~*~tactically~*~*~ (outnumbered).
 17432 | D:12     | 17432 ||| Stepping ~*~*~tactically~*~*~ (outnumbered).
 17433 | D:12     | 17433 ||| Stepping ~*~*~tactically~*~*~ (outnumbered).
 17434 | D:12     | 17434 ||| Stepping ~*~*~tactically~*~*~ (outnumbered).
 17435 | D:12     | 17435 ||| Stepping ~*~*~tactically~*~*~ (outnumbered).
 17436 | D:12     | 17436 ||| Stepping ~*~*~tactically~*~*~ (outnumbered).
 17437 | D:12     | 17437 ||| Stepping ~*~*~tactically~*~*~ (outnumbered).
 17438 | D:12     | 17438 ||| Stepping ~*~*~tactically~*~*~ (outnumbered).
 17439 | D:12     | 17439 ||| Stepping ~*~*~tactically~*~*~ (outnumbered).
 17440 | D:12     | 17440 ||| Stepping ~*~*~tactically~*~*~ (outnumbered).
 17441 | D:12     | 17441 ||| Stepping ~*~*~tactically~*~*~ (outnumbered).
 17574 | D:13     | Reached skill level 18 in Unarmed Combat
 17609 | D:13     | 17609 ||| Stepping ~*~*~tactically~*~*~ (stealth).
 17611 | D:13     | 17611 ||| Stepping ~*~*~tactically~*~*~ (stealth).
 17626 | D:13     | 17626 ||| Stepping ~*~*~tactically~*~*~ (hiding).
 17728 | D:13     | 17728 ||| Stepping ~*~*~tactically~*~*~ (hiding).
 17830 | D:13     | 17830 ||| Stepping ~*~*~tactically~*~*~ (hiding).
 17932 | D:13     | 17932 ||| Stepping ~*~*~tactically~*~*~ (hiding).
 17941 | D:13     | 17941 ||| Stepping ~*~*~tactically~*~*~ (cloud).
 17988 | D:13     | 17988 ||| Stepping ~*~*~tactically~*~*~ (hiding).
 17990 | D:13     | 17990 ||| Stepping ~*~*~tactically~*~*~ (hiding).
 18139 | D:13     | 18139 ||| Stepping ~*~*~tactically~*~*~ (outnumbered).
 18394 | D:13     | 18394 ||| Stepping ~*~*~tactically~*~*~ (stealth).
 18396 | D:13     | 18396 ||| Stepping ~*~*~tactically~*~*~ (stealth).
 18398 | D:13     | 18398 ||| Stepping ~*~*~tactically~*~*~ (stealth).
 18494 | D:13     | 18494 ||| Stepping ~*~*~tactically~*~*~ (hiding).
 19143 | D:14     | 19143 ||| Stepping ~*~*~tactically~*~*~ (stealth).
 19156 | D:14     | 19156 ||| Stepping ~*~*~tactically~*~*~ (hiding).
 19157 | D:14     | 19157 ||| Stepping ~*~*~tactically~*~*~ (hiding).
 19219 | D:14     | 19219 ||| Stepping ~*~*~tactically~*~*~ (stealth).
 19239 | D:14     | 19239 ||| Stepping ~*~*~tactically~*~*~ (stealth).
 19284 | D:14     | Identified the +1 robe of Ferocious Contentment {Stlth+}
 19387 | D:14     | 19387 ||| READING 6 scrolls of teleportation.
 19388 | D:14     | 19388 ||| FLEEEEING.
 19389 | D:14     | 19389 ||| FLEEEEING.
 19414 | D:14     | Reached skill level 12 in Shields
 19419 | D:14     | 19419 ||| FLEEEEING.
 19420 | D:14     | 19420 ||| FLEEEEING.
 19425 | D:14     | 19425 ||| Stepping ~*~*~tactically~*~*~ (stealth).
 19454 | D:14     | Found a gate to the Vaults.
 19456 | D:14     | 19456 ||| Stepping ~*~*~tactically~*~*~ (stealth).
 19458 | D:14     | 19458 ||| Stepping ~*~*~tactically~*~*~ (stealth).
 19467 | D:14     | 19467 ||| FLEEEEING.
 19468 | D:14     | 19468 ||| FLEEEEING.
 19469 | D:14     | 19469 ||| FLEEEEING.
 19483 | D:14     | 19483 ||| Stepping ~*~*~tactically~*~*~ (stealth).
 19493 | D:14     | 19493 ||| Stepping ~*~*~tactically~*~*~ (hiding).
 19505 | D:14     | 19505 ||| Stepping ~*~*~tactically~*~*~ (outnumbered).
 19508 | D:14     | 19508 ||| Stepping ~*~*~tactically~*~*~ (outnumbered).
 19513 | D:14     | 19513 ||| Stepping ~*~*~tactically~*~*~ (outnumbered).
 19579 | D:14     | 19579 ||| Stepping ~*~*~tactically~*~*~ (stealth).
 19800 | D:14     | Found a radiant altar of Vehumet.
 19817 | D:14     | 19817 ||| Stepping ~*~*~tactically~*~*~ (stealth).
 19818 | D:14     | 19818 ||| Stepping ~*~*~tactically~*~*~ (stealth).
 19819 | D:14     | 19819 ||| Stepping ~*~*~tactically~*~*~ (stealth).
 19820 | D:14     | 19820 ||| Stepping ~*~*~tactically~*~*~ (stealth).
 19827 | D:14     | 19827 ||| STAIRDANCE
 19833 | D:13     | 19833 ||| DROPPING +6 ring of intelligence.
 19836 | D:14     | 19836 ||| STAIRDANCE
 19843 | D:14     | 19843 ||| STAIRDANCE
 19851 | D:14     | 19851 ||| Stepping ~*~*~tactically~*~*~ (outnumbered).
 19852 | D:14     | 19852 ||| Stepping ~*~*~tactically~*~*~ (outnumbered).
 20150 | D:15     | Entered Level 15 of the Dungeon
 20213 | D:15     | 20213 ||| Stepping ~*~*~tactically~*~*~ (stealth).
 20217 | D:15     | 20217 ||| Stepping ~*~*~tactically~*~*~ (stealth).
 20219 | D:15     | 20219 ||| Stepping ~*~*~tactically~*~*~ (stealth).
 20255 | D:15     | 20255 ||| Stepping ~*~*~tactically~*~*~ (stealth).
 20339 | D:15     | 20339 ||| Stepping ~*~*~tactically~*~*~ (outnumbered).
 20340 | D:15     | 20340 ||| Stepping ~*~*~tactically~*~*~ (outnumbered).
 20523 | D:15     | Reached XP level 15. HP: 80/143 MP: 15/15
 20560 | D:15     | Found a staircase to the Depths.
 20611 | D:15     | 20611 ||| Stepping ~*~*~tactically~*~*~ (hiding).
 20713 | D:15     | 20713 ||| Stepping ~*~*~tactically~*~*~ (hiding).
 21162 | D:15     | 21162 ||| PLANNING ORC
 21162 | D:15     | 21162 ||| UPGRADING to +2 kite shield of protection.
 21172 | D:15     | 21172 ||| DROPPING +0 kite shield.
 21173 | D:15     | 21173 ||| READING scroll labelled KEWITANEKU.
 21321 | Orc:1    | Entered Level 1 of the Orcish Mines
 21332 | Orc:1    | 21332 ||| Stepping ~*~*~tactically~*~*~ (outnumbered).
 21333 | Orc:1    | 21333 ||| Stepping ~*~*~tactically~*~*~ (outnumbered).
 21334 | Orc:1    | 21334 ||| Stepping ~*~*~tactically~*~*~ (outnumbered).
 21337 | Orc:1    | 21337 ||| Stepping ~*~*~tactically~*~*~ (outnumbered).
 21354 | Orc:1    | 21354 ||| Stepping ~*~*~tactically~*~*~ (outnumbered).
 21355 | Orc:1    | 21355 ||| Stepping ~*~*~tactically~*~*~ (outnumbered).
 21475 | Orc:1    | 21475 ||| Stepping ~*~*~tactically~*~*~ (hiding).
 21628 | Orc:2    | Entered Level 2 of the Orcish Mines
 21759 | Orc:2    | 21759 ||| Stepping ~*~*~tactically~*~*~ (hiding).
 21861 | Orc:2    | 21861 ||| Stepping ~*~*~tactically~*~*~ (hiding).
 22027 | Orc:2    | 22027 ||| Stepping ~*~*~tactically~*~*~ (hiding).
 22129 | Orc:2    | 22129 ||| Stepping ~*~*~tactically~*~*~ (stealth).
 22249 | Orc:2    | 22249 ||| Stepping ~*~*~tactically~*~*~ (hiding).
 22287 | Orc:2    | 22287 ||| Stepping ~*~*~tactically~*~*~ (stealth).
 22288 | Orc:2    | 22288 ||| Stepping ~*~*~tactically~*~*~ (stealth).
 22290 | Orc:2    | 22290 ||| Stepping ~*~*~tactically~*~*~ (stealth).
 22298 | Orc:2    | 22298 ||| Stepping ~*~*~tactically~*~*~ (outnumbered).
 22299 | Orc:2    | 22299 ||| Stepping ~*~*~tactically~*~*~ (outnumbered).
 22300 | Orc:2    | 22300 ||| Stepping ~*~*~tactically~*~*~ (outnumbered).
 22301 | Orc:2    | 22301 ||| Stepping ~*~*~tactically~*~*~ (outnumbered).
 22302 | Orc:2    | 22302 ||| Stepping ~*~*~tactically~*~*~ (outnumbered).
 22303 | Orc:2    | 22303 ||| Stepping ~*~*~tactically~*~*~ (outnumbered).
 22304 | Orc:2    | 22304 ||| Stepping ~*~*~tactically~*~*~ (outnumbered).
 22306 | Orc:2    | 22306 ||| Stepping ~*~*~tactically~*~*~ (outnumbered).
 22307 | Orc:2    | 22307 ||| Stepping ~*~*~tactically~*~*~ (outnumbered).
 22308 | Orc:2    | 22308 ||| Stepping ~*~*~tactically~*~*~ (outnumbered).
 22309 | Orc:2    | 22309 ||| Stepping ~*~*~tactically~*~*~ (outnumbered).
 22310 | Orc:2    | 22310 ||| Stepping ~*~*~tactically~*~*~ (outnumbered).
 22311 | Orc:2    | 22311 ||| Stepping ~*~*~tactically~*~*~ (outnumbered).
 22312 | Orc:2    | 22312 ||| Stepping ~*~*~tactically~*~*~ (outnumbered).
 22313 | Orc:2    | 22313 ||| Stepping ~*~*~tactically~*~*~ (outnumbered).
 22314 | Orc:2    | 22314 ||| Stepping ~*~*~tactically~*~*~ (outnumbered).
 22315 | Orc:2    | 22315 ||| Stepping ~*~*~tactically~*~*~ (outnumbered).
 22316 | Orc:2    | 22316 ||| Stepping ~*~*~tactically~*~*~ (outnumbered).
 22317 | Orc:2    | 22317 ||| Stepping ~*~*~tactically~*~*~ (outnumbered).
 22318 | Orc:2    | 22318 ||| Stepping ~*~*~tactically~*~*~ (outnumbered).
 22319 | Orc:2    | 22319 ||| Stepping ~*~*~tactically~*~*~ (outnumbered).
 22320 | Orc:2    | 22320 ||| Stepping ~*~*~tactically~*~*~ (outnumbered).
 22321 | Orc:2    | 22321 ||| Stepping ~*~*~tactically~*~*~ (outnumbered).
 22322 | Orc:2    | 22322 ||| Stepping ~*~*~tactically~*~*~ (outnumbered).
 22323 | Orc:2    | 22323 ||| Stepping ~*~*~tactically~*~*~ (outnumbered).
 22324 | Orc:2    | 22324 ||| Stepping ~*~*~tactically~*~*~ (outnumbered).
 22325 | Orc:2    | 22325 ||| Stepping ~*~*~tactically~*~*~ (outnumbered).
 22326 | Orc:2    | 22326 ||| Stepping ~*~*~tactically~*~*~ (outnumbered).
 22327 | Orc:2    | 22327 ||| Stepping ~*~*~tactically~*~*~ (outnumbered).
 22328 | Orc:2    | 22328 ||| Stepping ~*~*~tactically~*~*~ (outnumbered).
 22329 | Orc:2    | 22329 ||| Stepping ~*~*~tactically~*~*~ (outnumbered).
 22330 | Orc:2    | 22330 ||| Stepping ~*~*~tactically~*~*~ (outnumbered).
 22473 | Orc:2    | 22473 ||| Stepping ~*~*~tactically~*~*~ (outnumbered).
 22479 | Orc:2    | 22479 ||| Stepping ~*~*~tactically~*~*~ (outnumbered).
 22481 | Orc:2    | 22481 ||| Stepping ~*~*~tactically~*~*~ (outnumbered).
 22522 | Orc:2    | Found Pauhe's Antique Weapon Emporium.
 22524 | Orc:2    | Found Wonk's Antique Armour Shoppe.
 22537 | Orc:2    | 22537 ||| BUYING pitted troll leather armour (660 gold).
 22537 | Orc:2    | Bought a pitted troll leather armour for 660 gold pieces
 22537 | Orc:2    | Identified the +3 troll leather armour of Ilid {Regen+
                  | Int+4} (You bought it in a shop on level 2 of the Orcish
                  | Mines)
 22555 | Orc:2    | 22555 ||| Stepping ~*~*~tactically~*~*~ (stealth).
 22556 | Orc:2    | 22556 ||| Stepping ~*~*~tactically~*~*~ (stealth).
 22558 | Orc:2    | 22558 ||| Stepping ~*~*~tactically~*~*~ (stealth).
 22562 | Orc:2    | 22562 ||| Stepping ~*~*~tactically~*~*~ (stealth).
 22565 | Orc:2    | 22565 ||| Stepping ~*~*~tactically~*~*~ (hiding).
 22580 | Orc:2    | 22580 ||| Stepping ~*~*~tactically~*~*~ (stealth).
 22595 | Orc:2    | 22595 ||| Stepping ~*~*~tactically~*~*~ (stealth).
 22611 | Orc:2    | 22611 ||| Stepping ~*~*~tactically~*~*~ (stealth).
 22756 | Orc:2    | Noticed an orc warlord
 22764 | Orc:2    | 22764 ||| Stepping ~*~*~tactically~*~*~ (outnumbered).
 22765 | Orc:2    | 22765 ||| Stepping ~*~*~tactically~*~*~ (outnumbered).
 22766 | Orc:2    | 22766 ||| Stepping ~*~*~tactically~*~*~ (outnumbered).
 22767 | Orc:2    | 22767 ||| Stepping ~*~*~tactically~*~*~ (outnumbered).
 22768 | Orc:2    | 22768 ||| Stepping ~*~*~tactically~*~*~ (outnumbered).
 22769 | Orc:2    | 22769 ||| Stepping ~*~*~tactically~*~*~ (outnumbered).
 22773 | Orc:2    | Killed an orc warlord
 22883 | Orc:2    | 22883 ||| Stepping ~*~*~tactically~*~*~ (hiding).
 22895 | Orc:2    | 22895 ||| Stepping ~*~*~tactically~*~*~ (outnumbered).
 22896 | Orc:2    | 22896 ||| Stepping ~*~*~tactically~*~*~ (outnumbered).
 22943 | Orc:2    | Found a staircase to the Elven Halls.
 22948 | Orc:2    | 22948 ||| Stepping ~*~*~tactically~*~*~ (stealth).
 22950 | Orc:2    | 22950 ||| Stepping ~*~*~tactically~*~*~ (stealth).
 22952 | Orc:2    | 22952 ||| Stepping ~*~*~tactically~*~*~ (stealth).
 22953 | Orc:2    | 22953 ||| Stepping ~*~*~tactically~*~*~ (stealth).
 22996 | Orc:2    | 22996 ||| Stepping ~*~*~tactically~*~*~ (hiding).
 23098 | Orc:2    | 23098 ||| Stepping ~*~*~tactically~*~*~ (hiding).
 23200 | Orc:2    | 23200 ||| Stepping ~*~*~tactically~*~*~ (outnumbered).
 23249 | Orc:2    | 23249 ||| Stepping ~*~*~tactically~*~*~ (stealth).
 23251 | Orc:2    | 23251 ||| Stepping ~*~*~tactically~*~*~ (hiding).
 23257 | Orc:2    | 23257 ||| Stepping ~*~*~tactically~*~*~ (outnumbered).
 23273 | Orc:2    | Reached skill level 19 in Unarmed Combat
 23276 | Orc:2    | 23276 ||| Stepping ~*~*~tactically~*~*~ (stealth).
 23278 | Orc:2    | 23278 ||| Stepping ~*~*~tactically~*~*~ (stealth).
 23280 | Orc:2    | 23280 ||| Stepping ~*~*~tactically~*~*~ (stealth).
 23288 | Orc:2    | Found Igyhel's General Store.
 23299 | Orc:2    | 23299 ||| BUYING potion of haste (120 gold).
 23299 | Orc:2    | Bought a potion of haste for 120 gold pieces
 23299 | Orc:2    | 23299 ||| BUYING wand of digging (5) (252 gold).
 23299 | Orc:2    | Bought a wand of digging (5) for 252 gold pieces
 23363 | Orc:2    | 23363 ||| Stepping ~*~*~tactically~*~*~ (outnumbered).
 23364 | Orc:2    | 23364 ||| Stepping ~*~*~tactically~*~*~ (outnumbered).
 23365 | Orc:2    | 23365 ||| Stepping ~*~*~tactically~*~*~ (outnumbered).
 23384 | Orc:2    | Found Pompebes's General Store.
 23389 | Orc:2    | 23389 ||| BUYING scroll of enchant weapon (120 gold).
 23389 | Orc:2    | Bought a scroll of enchant weapon for 120 gold pieces
 23389 | Orc:2    | 23389 ||| DROPPING +3 troll leather armour of Ilid {Regen+
                  | Int+4}.
 23462 | Orc:1    | 23462 ||| Stepping ~*~*~tactically~*~*~ (outnumbered).
 23463 | Orc:1    | 23463 ||| Stepping ~*~*~tactically~*~*~ (outnumbered).
 23465 | Orc:1    | 23465 ||| Stepping ~*~*~tactically~*~*~ (outnumbered).
 23466 | Orc:1    | 23466 ||| Stepping ~*~*~tactically~*~*~ (outnumbered).
 23467 | Orc:1    | 23467 ||| Stepping ~*~*~tactically~*~*~ (outnumbered).
 23468 | Orc:1    | 23468 ||| Stepping ~*~*~tactically~*~*~ (outnumbered).
 23469 | Orc:1    | 23469 ||| Stepping ~*~*~tactically~*~*~ (outnumbered).
 23470 | Orc:1    | 23470 ||| Stepping ~*~*~tactically~*~*~ (outnumbered).
 23471 | Orc:1    | 23471 ||| Stepping ~*~*~tactically~*~*~ (outnumbered).
 23472 | Orc:1    | 23472 ||| Stepping ~*~*~tactically~*~*~ (outnumbered).
 23473 | Orc:1    | 23473 ||| Stepping ~*~*~tactically~*~*~ (outnumbered).
 23474 | Orc:1    | 23474 ||| Stepping ~*~*~tactically~*~*~ (outnumbered).
 23475 | Orc:1    | 23475 ||| Stepping ~*~*~tactically~*~*~ (outnumbered).
 23476 | Orc:1    | 23476 ||| Stepping ~*~*~tactically~*~*~ (outnumbered).
 23506 | Orc:1    | Found Ythiabunn's Weapon Emporium.
 23613 | Orc:1    | 23613 ||| PLANNING SWAMP:1-3
 23768 | Swamp:1  | Entered Level 1 of the Swamp
 23814 | Swamp:1  | 23814 ||| Stepping ~*~*~tactically~*~*~ (cloud).
 23981 | Swamp:1  | 23981 ||| Stepping ~*~*~tactically~*~*~ (stealth).
 23983 | Swamp:1  | 23983 ||| Stepping ~*~*~tactically~*~*~ (stealth).
 24102 | Swamp:1  | Noticed Mlioglotl
 24109 | Swamp:1  | Noticed a tentacled starspawn
 24113 | Swamp:1  | 24113 ||| Stepping ~*~*~tactically~*~*~ (outnumbered).
 24114 | Swamp:1  | Noticed a bone dragon
 24118 | Swamp:1  | HP: 31/145 [raiju/living lightning[Mlioglotl] (17)]
 24119 | Swamp:1  | 24119 ||| READING 6 scrolls of teleportation.
 24119 | Swamp:1  | HP: 15/145 [Mlioglotl (18)]
 24120 | Swamp:1  | 24120 ||| DRINKING potion of heal wounds.
 24120 | Swamp:1  | Slain by Mlioglotl

Levels and vault maps discovered:
D:1:      lemuel_arrival_muddy, layout_basic,
          shapermc_ecumenical_altar_mp_vishouse
D:2:      layout_basic
D:3:      layout_loops_ring, minitemple
D:4:      layout_cave_pools, minmay_temple_entry_statues_pillars, serial_shops,
          shop_fountains
D:5:      layout_layer_cave, grunt_ministairs_11, kennysheep_generic_room_15
D:6:      kennysheep_housing_project, layout_basic
D:7:      minmay_recursive_quarters, layout_loops_ring,
          nicolae_gozag_zags_fifth_avenue, nicolae_shop_i_like_big_books,
          minmay_between, uniq_prince_ribbit1
D:8:      layout_rooms, nicolae_shop_vocational
D:9:      gammafunk_wand_slinger, layout_loops_corners, erik_orc_4,
          minmay_diced_spiral
D:10:     layout_rooms, nicolae_ru_awakened_eye, lemuel_coloured_pillars_altar
D:11:     layout_big_octagon, hellmonk_ghost_happy_afterlife,
          amcnicky_mini_pool_small, introduction_to_nature_2
D:12:     layout_small_grid, serial_shops, shop, nicolae_looking_at_the_future
D:13:     layout_stronghold
D:14:     layout_loops_corners, erik_vaults_1, old_standard_altar
D:15:     grunt_enter_depths_hoard, layout_loops_ring
Lair:1:   layout_regular_city
Lair:2:   layout_regular_city, minmay_swamp_entry_worms,
          guppyfry_snake_entry_island, gauntlet_entry_generic,
          lemuel_fruit_fields, infiniplex_staircase_pool, uniq_maggie
Lair:3:   layout_long_grid, portal_ice_cave_demonic_guard, lemuel_fruit_fields,
          uniq_nergalle, uniq_gastronok
Lair:4:   layout_roguey, grunt_megastairs_5, serial_bayou_shore_a
Lair:5:   grunt_lair_end_beastmaster, layout_regular_city, slime_entry_1,
          grunt_megastairs_4, uniq_urug, uniq_sonja
Swamp:1:  nicolae_swamp_tree_isthmus, layout_basic_swamp,
          evilmike_swamp_ruin_house_3, uniq_louise, uniq_jorgrun, uniq_mlioglotl
Orc:1:    layout_caves, serial_shops,
          nicolae_shop_temple_entry_statues_fountains, mines2_lemuel
Orc:2:    grunt_orc_community_town_hall, layout_caves,
          grunt_orc_community_big_house_2, grunt_orc_community_big_house_2,
          grunt_orc_community_house_3, grunt_orc_community_house_2,
          grunt_orc_community_house_3, grunt_orc_community_house_1,
          grunt_orc_community_house_1, grunt_orc_community_house_1, basic_altar,
          mines4_lemuel

Skill      XL: |  1  2  3  4  5  6  7  8  9 10 11 12 13 14 15 |
---------------+----------------------------------------------+-----
Unarmed Combat | 4 5 7 8 11 12 14 15 17 18 19 | 19.0
Throwing       | 1 2 3 5 8 |  8.0
Fighting       | 3 4 5 6 7 8 |  8.6
Dodging        | 1 2 3 |  3.0
Shields        | 6 9 10 11 12 | 12.0
Armour         | 1 4 5 6 7 |  7.0
Spellcasting   | |  1.0
Fire Magic     | |  2.1

Action                   |  1- 3 |  4- 6 |  7- 9 | 10-12 | 13-15 || total
-------------------------+-------+-------+-------+-------+-------++-------
Melee: Unarmed           |    86 |    80 |   305 |   475 |  1052 ||  1998
       Punch             |     2 |     3 |     4 |       |       ||     9
       Kick              |       |       |    11 |   138 |   321 ||   470
Throw: Javelin           |       |     3 |    59 |    26 |    19 ||   107
       Boomerang         |       |       |    11 |   105 |    57 ||   173
       Large rock        |       |       |       |       |   117 ||   117
Invok: Fiery Armour      |       |     2 |     4 |     6 |       ||    12
  Use: Scroll            |     6 |     5 |    12 |     8 |     7 ||    38
       Potion            |     2 |     1 |     5 |     1 |     5 ||    14
 Stab: Petrified         |       |       |       |       |     5 ||     5
Armor: Robe              |    29 |    21 |    79 |       |       ||   129
       Shadow dragon sca |       |       |    13 |   216 |   791 ||  1020
Dodge: Dodged            |    20 |    21 |    97 |    94 |   271 ||   503
Block: Kite shield       |       |       |    45 |   194 |   696 ||   935

Table legend:
 A = Non-vault XP
 B = Vault XP
 C = Vault XP percentage of total XP
 D = Non-vault monster count
 E = Vault monster count
 F = Vault count percentage of total count
                 A         B        C        D         E       F
            +---------+---------+-------+---------+---------+-------
      Total |   88001 |   33383 |  27.5 |     450 |     230 |  33.8
            +---------+---------+-------+---------+---------+-------
        D:1 |      31 |       0 |   0.0 |      17 |       0 |   0.0
        D:2 |      35 |       0 |   0.0 |      13 |       0 |   0.0
        D:3 |     108 |       0 |   0.0 |      19 |       0 |   0.0
        D:4 |     635 |       0 |   0.0 |      23 |       0 |   0.0
        D:5 |     549 |     227 |  29.3 |      18 |       7 |  28.0
        D:6 |     693 |     861 |  55.4 |      19 |      30 |  61.2
        D:7 |     311 |    1594 |  83.7 |      12 |      16 |  57.1
        D:8 |     287 |       0 |   0.0 |      14 |       0 |   0.0
        D:9 |     742 |     966 |  56.6 |      12 |      20 |  62.5
       D:10 |    2536 |       0 |   0.0 |      19 |       0 |   0.0
       D:11 |    4391 |    1596 |  26.7 |      27 |      17 |  38.6
       D:12 |    8452 |     878 |   9.4 |      25 |      10 |  28.6
       D:13 |    5827 |       0 |   0.0 |      17 |       0 |   0.0
       D:14 |    9007 |    1654 |  15.5 |      24 |       2 |   7.7
       D:15 |    8352 |    1842 |  18.1 |      15 |       2 |  11.8
     Lair:1 |    4363 |       0 |   0.0 |      14 |       0 |   0.0
     Lair:2 |    6116 |    1785 |  22.6 |      24 |       8 |  25.0
     Lair:3 |    7702 |    3011 |  28.1 |      21 |       4 |  16.0
     Lair:4 |    5646 |    1020 |  15.3 |      16 |       5 |  23.8
     Lair:5 |   14554 |   11515 |  44.2 |      53 |      23 |  30.3
    Swamp:1 |    3391 |       0 |   0.0 |       9 |       0 |   0.0
      Orc:1 |    3244 |       0 |   0.0 |      21 |       0 |   0.0
      Orc:2 |    1029 |    6434 |  86.2 |      18 |      86 |  82.7
            +---------+---------+-------+---------+---------+-------
